Map: Thunderbird LE

Players

MODEUS - Winner!

  • Race: Terran Terran
  • Spawn Location: 11:00

SKillous

  • Race: Protoss Protoss
  • Spawn Location: 5:00

Event: 2019 WCS Summer

VOD

Have the link to the VOD?

Description

Time

  • Played on: July 12, 2019, 7:03 a.m.
  • Length: 11:13

All games in this series

Show
View Real Time Build Order
Export as new Build Order

MODEUS Terran - Winner!

Build Orders:  

Get SALT Encoding   

  12  0:00  SCV  
  13  0:13  SCV  
  14  0:20  Supply Depot  
  14  0:25  SCV  
  15  0:29  Refinery  
  15  0:42  SCV  
  16  0:44  Barracks  
  16  0:54  SCV  
  17  1:06  SCV  
  18  1:20  SCV  
  19  1:35  Orbital Command  
  19  1:36  Marine  
  20  1:44  Factory  
  20  1:47  Supply Depot  
  20  2:00  Barracks Reactor  
  20  2:01  SCV  
  21  2:14  SCV  
  22  2:25  Command Center  
  22  2:26  SCV  
  23  2:30  Starport  
  23  2:35  Widow Mine  
  25  2:37  Marine  
  25  2:38  Marine, SCV  
  27  2:44  Refinery  
  27  2:50  SCV  
  28  2:58  Marine, Widow Mine  
  31  3:04  Supply Depot  
  31  3:07  Starport Tech Lab  
  31  3:25  SCV  
  32  3:28  Marine x2  
  32  3:31  Siege Tank  
  37  3:37  Orbital Command  
  37  3:38  SCV  
  37  3:40  Viking  
  40  3:46  Marine x2  
  42  3:50  SCV  
  43  3:56  Supply Depot  
  43  3:59  Orbital Command  
  43  4:03  Siege Tank, SCV  
  43  4:06  Marine  
  43  4:08  Marine  
  49  4:15  Viking, SCV  
  52  4:21  Supply Depot  
  52  4:25  SCV  
  52  4:27  SCV  
  54  4:32  Marine x2  
  54  4:38  SCV  
  57  4:39  SCV  
  57  4:40  Siege Tank  
  57  4:44  Supply Depot  
  61  4:51  SCV x2  
  62  4:56  Marine x2  
  62  4:57  Medivac  
  65  5:03  SCV, Supply Depot  
  65  5:10  SCV  
  66  5:15  SCV  
  69  5:23  SCV  
  69  5:27  SCV  
  72  5:35  SCV  
  66  5:39  Barracks x2, Engineering Bay, SCV  
  66  5:42  Stimpack, Viking  
  69  5:46  Refinery  
  69  5:47  SCV  
  68  5:51  SCV  
  66  5:59  SCV  
  66  6:03  SCV  
  69  6:11  SCV, Terran Infantry Weapons Level 1  
  69  6:14  Factory Reactor  
  69  6:15  SCV  
  69  6:18  Refinery  
  70  6:20  Supply Depot  
  70  6:23  Marine, SCV  
  72  6:27  SCV  
  72  6:30  Barracks Tech Lab  
  73  6:35  Marine x2, SCV, Command Center  
  77  6:40  SCV  
  77  6:45  Marauder  
  79  6:47  SCV  
  79  6:50  Supply Depot  
  79  6:52  SCV  
  78  7:01  Marine  
  78  7:02  Marauder  
  78  7:06  Command Center  
  81  7:09  SCV x2  
  81  7:12  Factory Reactor, Combat Shield  
  81  7:13  Medivac x2  
  87  7:21  SCV  
  87  7:22  SCV  
  89  7:23  Barracks  
  89  7:24  Barracks, Marauder x2  
  89  7:27  Marine x2, Supply Depot x2  
  95  7:35  SCV x2  
  97  7:45  Supply Depot  
  97  7:51  Widow Mine x2, Medivac x2  
  105  7:55  Marauder x2  
  105  7:56  SCV  
  110  8:04  SCV  
  111  8:05  Terran Infantry Armor Level 1  
  111  8:08  SCV  
  111  8:09  Liberator  
  111  8:11  Liberator  
  108  8:15  Barracks Reactor, Barracks Tech Lab  
  108  8:17  Concussive Shells  
  108  8:18  Widow Mine  
  108  8:19  Widow Mine  
  112  8:20  Orbital Command  
  115  8:33  Refinery  
  115  8:34  Marauder, Refinery  
  120  8:35  Marauder  
  120  8:37  Marauder  
  124  8:42  Widow Mine x2  
  124  8:44  Marine  
  129  8:48  Missile Turret  
  129  8:55  Marauder, Marine x3  
  133  8:56  Marauder  
  133  8:58  Marine  
  133  9:01  Marine  
  138  9:04  Missile Turret  
  138  9:05  Missile Turret  
  138  9:06  Missile Turret  
  138  9:10  Armory  
  138  9:11  Engineering Bay, Widow Mine  
  138  9:14  Liberator  
  140  9:22  Liberator, Missile Turret  
  140  9:26  Marine  
  141  9:31  Marine x2  
  141  9:32  Marauder, Supply Depot  
  141  9:33  Supply Depot  
  141  9:37  Widow Mine  
  149  9:39  Marauder  
  138  9:52  Marine x2  
  138  9:53  Marauder x2, Marine  
  145  10:00  Marine, Marauder  
  145  10:02  Widow Mine x2  
  152  10:10  Marine  
  152  10:11  Marine x2  
  155  10:14  Marauder  
  155  10:15  Marauder  
  155  10:16  Command Center  
  157  10:22  Ghost Academy  
  145  10:30  Marine x2  
  145  10:31  Marauder  
  149  10:40  Marine  
  149  10:41  Marauder, Marine  
  153  10:50  Marine x2  
  153  10:51  Marauder  
Show
View Real Time Build Order
Export as new Build Order

SKillous Protoss 

Build Orders: 1 Gate Expand 

Get SALT Encoding   

  12  0:00  Probe  
  13  0:12  Probe  
  14  0:18  Pylon  
  14  0:24  Probe  
  15  0:33  Probe  
  15  0:38  Gateway  
  15  0:41  Probe  
  16  0:49  Assimilator  
  17  0:51  Probe  
  18  1:03  Probe  
  19  1:15  Probe  
  20  1:25  Cybernetics Core  
  20  1:35  Nexus  
  20  1:40  Probe  
  20  1:45  Pylon  
  21  1:52  Probe  
  22  1:55  Stalker, Assimilator  
  22  2:04  Probe  
  25  2:08  Warp Gate  
  25  2:16  Stalker, Probe  
  26  2:28  Probe  
  29  2:40  Probe  
  29  2:41  Robotics Facility  
  29  2:43  Probe  
  30  2:50  Stalker  
  33  2:51  Probe  
  33  2:52  Probe  
  36  3:10  Shield Battery  
  34  3:17  Probe, Gateway  
  34  3:19  Probe  
  36  3:21  Observer, Gateway  
  36  3:29  Probe  
  36  3:31  Probe  
  36  3:33  Pylon  
  39  3:41  Probe  
  39  3:42  Observer  
  39  3:45  Probe  
  42  3:54  Probe  
  42  3:55  Shield Battery  
  43  3:56  Stalker  
  43  3:57  Observer, Probe  
  43  3:59  Pylon  
  46  4:06  Probe  
  48  4:10  Probe  
  48  4:12  Stalker  
  48  4:14  Warp Prism  
  48  4:15  Stalker  
  53  4:18  Probe  
  53  4:20  Assimilator  
  53  4:22  Probe  
  55  4:30  Probe  
  58  4:34  Stalker  
  58  4:35  Stalker  
  62  4:39  Pylon  
  62  4:44  Pylon  
  62  4:47  Immortal  
  62  4:54  Pylon  
  62  4:59  Gateway  
  66  5:09  Gateway  
  66  5:10  Gateway  
  65  5:17  Stalker, Immortal  
  65  5:19  Stalker  
  71  5:35  Pylon  
  71  5:36  Pylon  
  71  5:39  Probe  
  72  5:46  Adept x3  
  78  6:06  Nexus  
  78  6:08  Pylon  
  78  6:09  Probe  
  73  6:12  Probe  
  73  6:18  Observer, Twilight Council  
  75  6:19  Forge  
  75  6:21  Probe  
  75  6:22  Probe  
  77  6:30  Probe  
  77  6:31  Gateway  
  77  6:32  Gateway  
  77  6:34  Probe  
  77  6:38  Probe  
  79  6:44  Observer  
  79  6:46  Probe  
  82  6:49  Protoss Ground Armor Level 1  
  82  6:50  Probe  
  82  6:52  Pylon  
  82  6:53  Warp Prism  
  83  6:54  Charge  
  83  6:58  Probe  
  78  7:02  Probe  
  77  7:10  Probe  
  77  7:14  Probe  
  78  7:18  Probe, Templar Archives  
  78  7:22  Probe  
  80  7:23  Observer  
  80  7:25  Pylon  
  80  7:26  Sentry x2  
  80  7:27  Zealot x5  
  80  7:28  Probe  
  96  7:35  Probe  
  97  7:37  Probe  
  97  7:40  Probe  
  97  7:41  Assimilator x2  
  99  7:45  Assimilator  
  99  7:47  Forge, Probe  
  99  7:49  Probe  
  101  7:53  Probe  
  101  7:54  Psionic Storm  
  102  7:59  Probe  
  102  8:01  Pylon  
  102  8:02  Probe  
  102  8:05  Probe  
  105  8:11  Probe  
  98  8:13  Zealot x6  
  98  8:14  Probe  
  98  8:17  Probe  
  102  8:20  Zealot x2  
  102  8:26  Protoss Ground Weapons Level 1  
  106  8:34  High Templar x4  
  108  8:36  Protoss Ground Armor Level 2, Zealot x2  
  118  8:41  Nexus  
  118  8:44  Pylon x2  
  118  8:48  Probe  
  119  8:52  Blink  
  119  9:01  Nexus  
  119  9:02  Zealot x2  
  119  9:03  Zealot x2, Pylon  
  119  9:07  High Templar  
  119  9:09  Probe  
  130  9:11  Photon Cannon  
  130  9:12  Probe  
  130  9:16  Warp Prism  
  129  9:18  Photon Cannon  
  129  9:19  High Templar  
  129  9:20  Shield Battery  
  129  9:22  Sentry  
  129  9:23  Sentry  
  135  9:24  Probe  
  135  9:29  Zealot  
  140  9:35  Zealot x2  
  142  9:42  Immortal, Archon x2  
  132  9:46  Zealot x2  
  132  9:47  Zealot x2  
  136  9:56  High Templar x2  
  136  10:01  High Templar  
  136  10:08  Sentry  
  136  10:09  Zealot x4  
  142  10:19  Pylon  
  140  10:26  Immortal  
  108  10:34  Zealot x8  
  103  10:56  Zealot x3  
  103  10:57  Zealot x5  
Tags
 
Add a new tag
Caveats
  • Supply blocks, unpowered buildings, or Contaminate may cause inaccurate times.
  • Supply counts are checked every 10 seconds.